WCHLSIM.com - West Coast Hockey League
html PUBLIC "-//W3C//DTD XHTML 1.0 Transitional//EN" "http://www.w3.org/TR/xhtml1/DTD/xhtml1-transitional.dtd"> WCHL - Game 389 - SAN JOSE BRONCOS vs ANCHORAGE ACES

SAN JOSE BRONCOS vs ANCHORAGE ACES

Created - 7 décembre 2023 at 23:30

Goals
1 2 3 T
SAN JOSE BRONCOS 0 1 0 1
ANCHORAGE ACES 1 2 1 4
Shots
1 2 3 T
SAN JOSE BRONCOS 8 13 6 27
ANCHORAGE ACES 8 7 23 38

1st period

1. ANCHORAGE ACES , Nikolaj Ehlers 6 (Phillip Danault 15, Filip Hronek 7) at 1:27

Penalties :
No Penalty

2nd period

2. ANCHORAGE ACES , Chris Kreider 14 (Seth Jones 12, Jakob Chychrun 13) at 1:06
3. SAN JOSE BRONCOS , Clayton Keller 9 (Oliver Bjorkstrand 11) at 12:54 (PP)
4. ANCHORAGE ACES , Nikolaj Ehlers 7 (Phillip Danault 16, Filip Hronek 8) at 16:58

Penalties :
Seth Jones (ANC) for Hooking (Minor) at 12:36

3rd period

5. ANCHORAGE ACES , Erik Haula 9 (Filip Hronek 9, Chris Kreider 12) at 7:31 (PP)

Penalties :
Adam Pelech (SJO) for Hooking (Minor) at 6:19, Robert Bortuzzo (ANC) for Slashing (Minor) at 7:36, Jake Walman (SJO) for Interference (Minor) at 13:38

Goalie Stats

Antti Raanta (SJO), 12 saves from 12 shots - (1,000), 12:29 minutes
John Gibson (SJO), 22 saves from 26 shots - (0,846), L, 3-12-1, 47:31 minutes
Darcy Kuemper (ANC), 26 saves from 27 shots - (0,963), W, 19-5-3, 60:00 minutes

Players Stats for SAN JOSE BRONCOS

Player Name              G  A  P  +/- PIM S  H  SB GA TA FO     MP     PP MP  PK MP  
------------------------------------------------------------------------------------
Adam Pelech              0  0  0   0  2   2  2  1  0  0  0/0    19:22   0:59   0:48 
Alexander Kerfoot        0  0  0  -1  0   6  1  0  0  0  4/18   14:43   0:59   0:00 
Brayden Point            0  0  0   0  0   1  0  1  0  0  1/1    13:44   0:00   0:00 
Brett Leason             0  0  0  -1  0   0  0  0  0  0  0/2    13:35   0:00   0:00 
Carl Grundstrom          0  0  0   0  0   1  3  0  0  0  0/0    13:44   0:00   0:00 
Clayton Keller           1  0  1  -1  0   4  1  0  0  0  7/27   16:38   1:18   1:51 
Cole Caufield            0  0  0  -1  0   5  0  0  0  0  0/1    16:03   0:59   1:20 
Damon Severson           0  0  0   0  0   0  3  0  0  0  0/0    19:55   0:59   1:20 
Ilya Usau                0  0  0  -1  0   0  0  0  0  0  9/17   13:35   0:00   0:00 
Jaccob Slavin            0  0  0  -2  0   0  1  2  0  0  0/0    22:54   1:18   1:51 
Jake Bean                0  0  0  -1  0   0  4  0  0  0  0/0    17:43   0:00   0:32 
Jake Walman              0  0  0  -1  2   0  1  0  0  0  0/0    17:10   0:00   0:00 
Jesper Bratt             0  0  0  -1  0   2  0  1  0  0  0/0    16:38   1:18   1:51 
Jesse Puljujarvi         0  0  0  -1  0   0  2  1  0  0  1/1    14:43   0:59   0:00 
Jonathan Gruden          0  0  0  -1  0   0  2  0  0  0  0/1    13:35   0:00   0:00 
Neal Pionk               0  0  0  -2  0   2  3  2  0  0  0/0    22:54   1:18   1:51 
Oliver Bjorkstrand       0  1  1  -1  0   3  0  1  0  0  3/5    16:07   1:18   1:20 
Tomas Nosek              0  0  0   0  0   1  0  0  0  0  8/15   13:44   0:00   0:00 

Players Stats for ANCHORAGE ACES

Player Name              G  A  P  +/- PIM S  H  SB GA TA FO     MP     PP MP  PK MP  
------------------------------------------------------------------------------------
Chris Kreider            1  1  2   1  0   6  2  0  0  0  0/1    15:35   0:53   0:00 
Connor McDavid           0  0  0   0  0   4  4  0  0  0  16/28  21:07   2:18   0:00 
Conor Sheary             0  0  0   2  0   3  1  0  0  0  0/0    18:28   0:00   0:51 
Erik Haula               1  0  1   1  0   5  0  0  0  0  17/23  20:25   0:53   1:26 
Filip Hronek             0  3  3   2  0   0  1  1  0  0  0/0    20:27   2:06   1:00 
Jack Johnson             0  0  0   0  0   0  0  1  0  0  0/0    13:27   0:00   0:00 
Jakob Chychrun           0  1  1   1  0   0  0  1  0  0  0/0    21:27   2:06   1:00 
Jani Hakanpaa            0  0  0   0  0   0  0  1  0  0  0/0    14:44   0:00   1:17 
Nathan MacKinnon         0  0  0   0  0   5  0  1  0  0  2/3    24:31   2:18   0:00 
Nicolas Deslauriers      0  0  0   0  0   0  0  0  0  0  0/0     0:18   0:00   0:18 
Nikolaj Ehlers           2  0  2   2  0   5  1  0  0  0  0/3    19:55   2:18   0:00 
Phillip Danault          0  2  2   2  0   6  0  1  0  0  20/30  19:21   0:53   0:51 
Robert Bortuzzo          0  0  0   0  2   1  0  0  0  0  0/0     5:22   0:00   0:00 
Ryan Lomberg             0  0  0   0  0   0  0  0  0  0  0/0     3:39   0:00   0:00 
Ryan Pulock              0  0  0   2  0   0  0  0  0  0  0/0    18:26   1:05   0:00 
Seth Jones               0  1  1   1  2   3  0  4  0  0  0/0    25:47   1:05   0:59 
Sheldon Dries            0  0  0   1  0   0  1  0  0  0  0/0    14:42   0:00   0:00 
Yegor Sharangovich       0  0  0   0  0   0  1  0  0  0  0/0    20:00   0:00   1:26 

3 Stars

1 - Nikolaj Ehlers (ANC)
2 - Filip Hronek (ANC)
3 - Chris Kreider (ANC)

Power Play

SAN JOSE BRONCOS - 1 on 2 Attempt(s) - 50,00%
ANCHORAGE ACES - 1 on 2 Attempt(s) - 50,00%

Penalty Kill

SAN JOSE BRONCOS - 1 on 2 Attempt(s) - 50,00% - Score 0 goal in Penalty Kill
ANCHORAGE ACES - 1 on 2 Attempt(s) - 50,00% - Score 0 goal in Penalty Kill

Team Stat

SAN JOSE BRONCOS - Hits : 23 - Faceoff Wins : 33 - Blocked Shots : 9 - Penalty Minutes : 4
ANCHORAGE ACES - Hits : 11 - Faceoff Wins : 55 - Blocked Shots : 10 - Penalty Minutes : 4

Official

Referees : Chris Rooney and Marc Joannette
Linesman : Andrew Smith and Shaun Morgan

Game Notes

Antti Raanta enters game at 7:31 of 3rd period

Finance

Level 1 -- Attendance: 5431 (90,52%) -- Ticket Income 1 086 200 $
Level 2 -- Attendance: 4967 (99,34%) -- Ticket Income 620 875 $
Level 3 -- Attendance: 2000 (100,00%) -- Ticket Income 208 000 $
Level 4 -- Attendance: 4000 (100,00%) -- Ticket Income 280 000 $
Luxury Box -- Attendance: 997 (99,70%) -- Ticket Income 324 025 $
Game was played at the Alaska Center.
Total Attendance: 17395 (96,64%)
Total Ticket Income: 2 519 100 $
Other Expense: 25 191 $
Total Income: 2 493 909 $

SAN JOSE BRONCOS

5 vs 5 Forward 
   Center                   Left Wing                Right Wing               Time % Phy DF OF 
 1 Clayton Keller           Jesper Bratt             Oliver Bjorkstrand       25     1   2  2  
 2 Alexander Kerfoot        Cole Caufield            Jesse Puljujarvi         25     1   2  2  
 3 Tomas Nosek              Brayden Point            Carl Grundstrom          25     1   2  2  
 4 Ilya Usau                Jonathan Gruden          Brett Leason             25     1   2  2  

5 vs 5 Defense 
   Defense                  Defense                                           Time % Phy DF OF 
 1 Jaccob Slavin            Neal Pionk                                        30     1   2  2  
 2 Adam Pelech              Damon Severson                                    30     1   2  2  
 3 Jake Walman              Jake Bean                                         30     1   2  2  
 4 Jaccob Slavin            Neal Pionk                                        10     1   2  2  

PowerPlay Forward 
   Center                   Left Wing                Right Wing               Time % Phy DF OF 
 1 Clayton Keller           Jesper Bratt             Oliver Bjorkstrand       50     1   2  2  
 2 Alexander Kerfoot        Cole Caufield            Jesse Puljujarvi         50     1   2  2  

PowerPlay Defense
   Defense                  Defense                                           Time % Phy DF OF 
 1 Jaccob Slavin            Neal Pionk                                        50     1   2  2  
 2 Adam Pelech              Damon Severson                                    50     1   2  2  

Penalty Kill 4 Players Forward 
   Center                   Wing                     Time % Phy DF OF 
 1 Clayton Keller           Jesper Bratt             50     1   2  2  
 2 Oliver Bjorkstrand       Cole Caufield            50     1   2  2  

Penalty Kill 4 Players Defense
   Defense                  Defense                  Time % Phy DF OF 
 1 Jaccob Slavin            Neal Pionk               50     1   2  2  
 2 Adam Pelech              Damon Severson           50     1   2  2  

Penalty Kill - 3 Players Forward 
   Forward                                           Time % Phy DF OF 
 1 Clayton Keller                                    50     1   2  2  
 2 Jesper Bratt                                      50     1   2  2  

Penalty Kill - 3 Players Defense
   Defense                  Defense                  Time % Phy DF OF 
 1 Jaccob Slavin            Neal Pionk               50     1   2  2  
 2 Adam Pelech              Damon Severson           50     1   2  2  

4 vs 4 Forward 
   Center                   Wing                     Time % Phy DF OF 
 1 Clayton Keller           Jesper Bratt             50     1   2  2  
 2 Oliver Bjorkstrand       Cole Caufield            50     1   2  2  

4 vs 4 Defense
   Defense                  Defense                  Time % Phy DF OF 
 1 Jaccob Slavin            Neal Pionk               50     1   2  2  
 2 Adam Pelech              Damon Severson           50     1   2  2  

Last Minutes Offensive
   Center                   Left Wing                Right Wing               Defense                  Defense                  
   Clayton Keller           Jesper Bratt             Oliver Bjorkstrand       Jaccob Slavin            Neal Pionk               

Last Minutes Defensive
   Center                   Left Wing                Right Wing               Defense                  Defense                  
   Clayton Keller           Jesper Bratt             Oliver Bjorkstrand       Jaccob Slavin            Neal Pionk               

Goaltenders
Starting : John Gibson              
Backup : Antti Raanta             

Extra Forwards
Normal : Tomas Nosek, Jesse Puljujarvi, Carl Grundstrom - PP : Tomas Nosek, Jesse Puljujarvi - PK : Carl Grundstrom
Extra Defensemen
Normal : Jake Walman, Jake Bean, Adam Pelech - PP : Jake Walman - PK : Jake Bean, Adam Pelech
Penalty Shots
Clayton Keller, Jesper Bratt, Oliver Bjorkstrand, Cole Caufield, Alexander Kerfoot
Custom OT Lines Forwards
Clayton Keller, Jesper Bratt, Oliver Bjorkstrand, Cole Caufield, Alexander Kerfoot, Tomas Nosek, Jonathan Gruden, Jesse Puljujarvi, Carl Grundstrom, Brett Leason
Custom OT Lines Defensemen
Jaccob Slavin, Neal Pionk, Adam Pelech, Damon Severson, Jake Walman

Scratches
None

ANCHORAGE ACES

5 vs 5 Forward 
   Center                   Left Wing                Right Wing               Time % Phy DF OF 
 1 Connor McDavid           Yegor Sharangovich       Nathan MacKinnon         36     1   2  2  
 2 Phillip Danault          Nikolaj Ehlers           Conor Sheary             33     1   2  2  
 3 Erik Haula               Chris Kreider            Sheldon Dries            28     1   2  2  
 4 Nathan MacKinnon         Ryan Lomberg             Erik Haula               3      1   2  2  

5 vs 5 Defense 
   Defense                  Defense                                           Time % Phy DF OF 
 1 Seth Jones               Jakob Chychrun                                    36     1   2  2  
 2 Filip Hronek             Ryan Pulock                                       31     1   2  2  
 3 Jani Hakanpaa            Jack Johnson                                      23     1   2  2  
 4 Robert Bortuzzo          Seth Jones                                        10     1   2  2  

PowerPlay Forward 
   Center                   Left Wing                Right Wing               Time % Phy DF OF 
 1 Connor McDavid           Nikolaj Ehlers           Nathan MacKinnon         55     1   2  2  
 2 Phillip Danault          Chris Kreider            Erik Haula               45     1   2  2  

PowerPlay Defense
   Defense                  Defense                                           Time % Phy DF OF 
 1 Filip Hronek             Jakob Chychrun                                    55     1   2  2  
 2 Ryan Pulock              Seth Jones                                        45     1   2  2  

Penalty Kill 4 Players Forward 
   Center                   Wing                     Time % Phy DF OF 
 1 Erik Haula               Yegor Sharangovich       55     1   2  2  
 2 Phillip Danault          Conor Sheary             45     1   2  2  

Penalty Kill 4 Players Defense
   Defense                  Defense                  Time % Phy DF OF 
 1 Seth Jones               Jani Hakanpaa            55     1   2  2  
 2 Filip Hronek             Jakob Chychrun           45     1   2  2  

Penalty Kill - 3 Players Forward 
   Forward                                           Time % Phy DF OF 
 1 Phillip Danault                                   55     1   2  2  
 2 Yegor Sharangovich                                45     1   2  2  

Penalty Kill - 3 Players Defense
   Defense                  Defense                  Time % Phy DF OF 
 1 Seth Jones               Jakob Chychrun           55     1   2  2  
 2 Jack Johnson             Filip Hronek             45     1   2  2  

4 vs 4 Forward 
   Center                   Wing                     Time % Phy DF OF 
 1 Nathan MacKinnon         Connor McDavid           55     1   2  2  
 2 Phillip Danault          Chris Kreider            45     1   2  2  

4 vs 4 Defense
   Defense                  Defense                  Time % Phy DF OF 
 1 Jakob Chychrun           Seth Jones               55     1   2  2  
 2 Jani Hakanpaa            Filip Hronek             45     1   2  2  

Last Minutes Offensive
   Center                   Left Wing                Right Wing               Defense                  Defense                  
   Connor McDavid           Phillip Danault          Nathan MacKinnon         Seth Jones               Jakob Chychrun           

Last Minutes Defensive
   Center                   Left Wing                Right Wing               Defense                  Defense                  
   Connor McDavid           Phillip Danault          Nathan MacKinnon         Seth Jones               Jakob Chychrun           

Goaltenders
Starting : Darcy Kuemper            
Backup : Dustin Wolf              

Extra Forwards
Normal : Connor McDavid, Phillip Danault, Chris Kreider - PP : Erik Haula, Nikolaj Ehlers - PK : Nathan MacKinnon
Extra Defensemen
Normal : Ryan Pulock, Jani Hakanpaa, Jack Johnson - PP : Robert Bortuzzo - PK : Nicolas Deslauriers, Seth Jones
Penalty Shots
Connor McDavid, Phillip Danault, Chris Kreider, Erik Haula, Nikolaj Ehlers
Custom OT Lines Forwards
Nathan MacKinnon, Connor McDavid, Phillip Danault, Chris Kreider, Erik Haula, Nikolaj Ehlers, Conor Sheary, Yegor Sharangovich, Sheldon Dries, Ryan Lomberg
Custom OT Lines Defensemen
Filip Hronek, Jakob Chychrun, Seth Jones, Ryan Pulock, Jani Hakanpaa

Scratches
None


% Time on Ice - SAN JOSE BRONCOS

Lines # - Real PCT - Wanted PCT - Time Play
Normal Forward
1 - 25% - 25% - 13:29
2 - 25% - 25% - 13:44
3 - 25% - 25% - 13:44
4 - 25% - 25% - 13:35
Normal Defense
1 - 29% - 30% - 15:36
2 - 32% - 30% - 17:36
3 - 32% - 30% - 17:11
4 - 8% - 10% - 4:09
PP Forward
1 - 57% - 50% - 1:18
2 - 43% - 50% - 0:59
PP Defense
1 - 57% - 50% - 1:18
2 - 43% - 50% - 0:59
PK Forward
1 - 58% - 50% - 1:51
2 - 42% - 50% - 1:20
PK Defense
1 - 58% - 50% - 1:51
2 - 42% - 50% - 1:20
PK3 Forward
1 - 0% - 50%
2 - 0% - 50%
PK3 Defense
1 - 0% - 50%
2 - 0% - 50%
44 Forward
1 - 0% - 50%
2 - 0% - 50%
44 Defense
1 - 0% - 50%
2 - 0% - 50%
Last Minute Offensive  - 0:00
Last Minute Defensive  - 0:00
Total
Forward - 60:00
Defense - 60:00

% Time on Ice - ANCHORAGE ACES

Lines # - Real PCT - Wanted PCT - Time Play
Normal Forward
1 - 34% - 36% - 18:34
2 - 32% - 33% - 17:37
3 - 27% - 28% - 14:42
4 - 7% - 3% - 3:39
Normal Defense
1 - 34% - 36% - 18:21
2 - 32% - 31% - 17:21
3 - 25% - 23% - 13:27
4 - 10% - 10% - 5:23
PP Forward
1 - 72% - 55% - 2:18
2 - 28% - 45% - 0:53
PP Defense
1 - 66% - 55% - 2:06
2 - 34% - 45% - 1:05
PK Forward
1 - 63% - 55% - 1:26
2 - 37% - 45% - 0:51
PK Defense
1 - 56% - 55% - 1:17
2 - 44% - 45% - 1:00
PK3 Forward
1 - 0% - 55%
2 - 0% - 45%
PK3 Defense
1 - 0% - 55%
2 - 0% - 45%
44 Forward
1 - 0% - 55%
2 - 0% - 45%
44 Defense
1 - 0% - 55%
2 - 0% - 45%
Last Minute Offensive  - 0:00
Last Minute Defensive  - 0:00
Total
Forward - 60:00
Defense - 60:00

Play-by-Play

1st period


0:01 of 1st period - Clayton Keller wins face-off versus Connor McDavid in neutral zone.
1:13 of 1st period - Shot by Phillip Danault.
1:13 of 1st period - Shot Blocked by Oliver Bjorkstrand.
1:15 of 1st period - Shot by Conor Sheary.
1:15 of 1st period - Shot Misses the Net.
1:27 of 1st period - Shot by Nikolaj Ehlers.
1:27 of 1st period - Goal by Nikolaj Ehlers - SAN JOSE BRONCOS : 0 - ANCHORAGE ACES : 1.
1:28 of 1st period - Erik Haula wins face-off versus Alexander Kerfoot in neutral zone.
1:34 of 1st period - Icing by Adam Pelech.
1:35 of 1st period - Erik Haula wins face-off versus Alexander Kerfoot in SAN JOSE BRONCOS zone.
2:09 of 1st period - Shot by Cole Caufield.
2:09 of 1st period - Shot Misses the Net.
2:11 of 1st period - Shot by Cole Caufield.
2:11 of 1st period - Stopped by Darcy Kuemper without a rebound.
2:12 of 1st period - Phillip Danault wins face-off versus Tomas Nosek in ANCHORAGE ACES zone.
2:27 of 1st period - Shot by Brayden Point.
2:27 of 1st period - Shot Blocked by Seth Jones.
3:40 of 1st period - Shot by Nathan MacKinnon.
3:40 of 1st period - Stopped by John Gibson with a rebound.
4:28 of 1st period - Shot by Chris Kreider.
4:28 of 1st period - Shot Misses the Net.
4:30 of 1st period - Shot by Erik Haula.
4:30 of 1st period - Stopped by John Gibson without a rebound.
4:31 of 1st period - Phillip Danault wins face-off versus Ilya Usau in SAN JOSE BRONCOS zone.
4:34 of 1st period - Shot by Nikolaj Ehlers.
4:34 of 1st period - Stopped by John Gibson without a rebound.
4:35 of 1st period - Ilya Usau wins face-off versus Phillip Danault in SAN JOSE BRONCOS zone.
4:47 of 1st period - Icing by Seth Jones.
4:48 of 1st period - Phillip Danault wins face-off versus Alexander Kerfoot in ANCHORAGE ACES zone.
5:28 of 1st period - Shot by Alexander Kerfoot.
5:28 of 1st period - Shot Blocked by Phillip Danault.
5:39 of 1st period - Icing by Seth Jones.
5:40 of 1st period - Ilya Usau wins face-off versus Nikolaj Ehlers in ANCHORAGE ACES zone.
5:52 of 1st period - Off-side.
5:53 of 1st period - Connor McDavid wins face-off versus Clayton Keller in neutral zone.
6:14 of 1st period - Shot by Jesper Bratt.
6:14 of 1st period - Shot Misses the Net.
6:16 of 1st period - Shot by Adam Pelech.
6:16 of 1st period - Stopped by Darcy Kuemper with a rebound.
6:18 of 1st period - Shot by Clayton Keller.
6:18 of 1st period - Shot Blocked by Filip Hronek.
6:20 of 1st period - Shot by Adam Pelech.
6:20 of 1st period - Shot Misses the Net.
6:22 of 1st period - Shot by Oliver Bjorkstrand.
6:22 of 1st period - Stopped by Darcy Kuemper without a rebound.
6:23 of 1st period - Erik Haula wins face-off versus Ilya Usau in ANCHORAGE ACES zone.
6:40 of 1st period - Shot by Chris Kreider.
6:40 of 1st period - Shot Blocked by Jaccob Slavin.
7:30 of 1st period - Shot by Connor McDavid.
7:30 of 1st period - Shot Misses the Net.
8:00 of 1st period - Adam Pelech is hit by Yegor Sharangovich and loses puck.
8:27 of 1st period - Shot by Phillip Danault.
8:27 of 1st period - Stopped by John Gibson without a rebound.
8:28 of 1st period - Erik Haula wins face-off versus Clayton Keller in SAN JOSE BRONCOS zone.
8:28 of 1st period - Erik Haula is hit by Jake Bean.
8:50 of 1st period - Shot by Clayton Keller.
8:50 of 1st period - Stopped by Darcy Kuemper without a rebound.
8:51 of 1st period - Phillip Danault wins face-off versus Tomas Nosek in ANCHORAGE ACES zone.
9:00 of 1st period - Shot by Brayden Point.
9:00 of 1st period - Shot Blocked by Jack Johnson.
9:04 of 1st period - Shot by Brayden Point.
9:04 of 1st period - Stopped by Darcy Kuemper with a rebound.
10:03 of 1st period - Shot by Cole Caufield.
10:03 of 1st period - Stopped by Darcy Kuemper without a rebound.
10:04 of 1st period - Clayton Keller wins face-off versus Connor McDavid in ANCHORAGE ACES zone.
10:58 of 1st period - Icing by Ryan Pulock.
10:59 of 1st period - Connor McDavid wins face-off versus Ilya Usau in ANCHORAGE ACES zone.
11:26 of 1st period - Chris Kreider is hit by Jake Walman.
11:33 of 1st period - Erik Haula is hit by Jake Bean and loses puck.
11:36 of 1st period - Shot by Seth Jones.
11:36 of 1st period - Stopped by John Gibson without a rebound.
11:37 of 1st period - Jesse Puljujarvi wins face-off versus Phillip Danault in SAN JOSE BRONCOS zone.
11:49 of 1st period - Shot by Phillip Danault.
11:49 of 1st period - Stopped by John Gibson without a rebound.
11:50 of 1st period - Nathan MacKinnon wins face-off versus Tomas Nosek in SAN JOSE BRONCOS zone.
12:16 of 1st period - Shot by Tomas Nosek.
12:16 of 1st period - Shot Blocked by Nathan MacKinnon.
12:28 of 1st period - Shot by Brayden Point.
12:28 of 1st period - Shot Misses the Net.
12:30 of 1st period - Shot by Tomas Nosek.
12:30 of 1st period - Stopped by Darcy Kuemper with a rebound.
13:37 of 1st period - Shot by Phillip Danault.
13:37 of 1st period - Shot Blocked by Jesse Puljujarvi.
14:12 of 1st period - Off-side.
14:13 of 1st period - Connor McDavid wins face-off versus Jonathan Gruden in neutral zone.
14:27 of 1st period - Shot by Jake Walman.
14:27 of 1st period - Shot Misses the Net.
15:12 of 1st period - Clayton Keller is hit by Connor McDavid and loses puck.
15:29 of 1st period - Shot by Erik Haula.
15:29 of 1st period - Shot Blocked by Neal Pionk.
15:31 of 1st period - Shot by Robert Bortuzzo.
15:31 of 1st period - Shot Blocked by Jesper Bratt.
15:42 of 1st period - Erik Haula is hit by Neal Pionk and loses puck.
16:03 of 1st period - Icing by Erik Haula.
16:04 of 1st period - Tomas Nosek wins face-off versus Erik Haula in ANCHORAGE ACES zone.
16:12 of 1st period - Chris Kreider is hit by Jake Bean and loses puck.
16:27 of 1st period - Shot by Phillip Danault.
16:27 of 1st period - Shot Hit the Post.
16:29 of 1st period - Shot by Filip Hronek.
16:29 of 1st period - Shot Misses the Net.
16:31 of 1st period - Shot by Ryan Pulock.
16:31 of 1st period - Shot Misses the Net.
16:33 of 1st period - Shot by Phillip Danault.
16:33 of 1st period - Stopped by John Gibson without a rebound.
16:34 of 1st period - Ilya Usau wins face-off versus Phillip Danault in SAN JOSE BRONCOS zone.
16:38 of 1st period - Off-side.
16:39 of 1st period - Phillip Danault wins face-off versus Ilya Usau in neutral zone.
17:21 of 1st period - Shot by Nikolaj Ehlers.
17:21 of 1st period - Shot Misses the Net.
18:37 of 1st period - Nathan MacKinnon is hit by Jaccob Slavin and loses puck.
18:46 of 1st period - Shot by Jesper Bratt.
18:46 of 1st period - Shot Blocked by Seth Jones.
18:48 of 1st period - Shot by Jesper Bratt.
18:48 of 1st period - Shot Misses the Net.
18:50 of 1st period - Shot by Neal Pionk.
18:50 of 1st period - Stopped by Darcy Kuemper without a rebound.
18:51 of 1st period - Erik Haula wins face-off versus Alexander Kerfoot in ANCHORAGE ACES zone.
19:02 of 1st period - Shot by Cole Caufield.
19:02 of 1st period - Shot Misses the Net.
Goals for this period are 0 for SAN JOSE BRONCOS vs 1 for ANCHORAGE ACES.
Shots for this period are 8 for SAN JOSE BRONCOS vs 8 for ANCHORAGE ACES.

2nd period


0:01 of 2nd period - Clayton Keller wins face-off versus Connor McDavid in neutral zone.
0:05 of 2nd period - Off-side.
0:06 of 2nd period - Erik Haula wins face-off versus Tomas Nosek in neutral zone.
0:09 of 2nd period - Neal Pionk is hit by Chris Kreider and loses puck.
0:29 of 2nd period - Off-side.
0:30 of 2nd period - Connor McDavid wins face-off versus Clayton Keller in neutral zone.
0:35 of 2nd period - Shot by Connor McDavid.
0:35 of 2nd period - Shot Misses the Net.
0:51 of 2nd period - Shot by Jesper Bratt.
0:51 of 2nd period - Shot Misses the Net.
0:53 of 2nd period - Shot by Clayton Keller.
0:53 of 2nd period - Stopped by Darcy Kuemper without a rebound.
0:54 of 2nd period - Erik Haula wins face-off versus Ilya Usau in ANCHORAGE ACES zone.
0:54 of 2nd period - Erik Haula is hit by Jonathan Gruden.
1:06 of 2nd period - Shot by Chris Kreider.
1:06 of 2nd period - Goal by Chris Kreider - SAN JOSE BRONCOS : 0 - ANCHORAGE ACES : 2.
1:07 of 2nd period - Tomas Nosek wins face-off versus Phillip Danault in neutral zone.
1:18 of 2nd period - Shot by Brayden Point.
1:18 of 2nd period - Deflect By Carl Grundstrom.
1:18 of 2nd period - Stopped by Darcy Kuemper without a rebound.
1:19 of 2nd period - Connor McDavid wins face-off versus Clayton Keller in ANCHORAGE ACES zone.
1:53 of 2nd period - Shot by Jesper Bratt.
1:53 of 2nd period - Stopped by Darcy Kuemper without a rebound.
1:54 of 2nd period - Tomas Nosek wins face-off versus Erik Haula in ANCHORAGE ACES zone.
2:23 of 2nd period - Icing by Jake Walman.
2:24 of 2nd period - Phillip Danault wins face-off versus Tomas Nosek in SAN JOSE BRONCOS zone.
2:41 of 2nd period - Shot by Nikolaj Ehlers.
2:41 of 2nd period - Shot Misses the Net.
2:43 of 2nd period - Shot by Robert Bortuzzo.
2:43 of 2nd period - Stopped by John Gibson without a rebound.
2:44 of 2nd period - Connor McDavid wins face-off versus Cole Caufield in SAN JOSE BRONCOS zone.
2:55 of 2nd period - Shot by Cole Caufield.
2:55 of 2nd period - Shot Misses the Net.
3:05 of 2nd period - Shot by Alexander Kerfoot.
3:05 of 2nd period - Stopped by Darcy Kuemper without a rebound.
3:06 of 2nd period - Phillip Danault wins face-off versus Ilya Usau in ANCHORAGE ACES zone.
4:50 of 2nd period - Shot by Jesper Bratt.
4:50 of 2nd period - Stopped by Darcy Kuemper without a rebound.
4:51 of 2nd period - Erik Haula wins face-off versus Alexander Kerfoot in ANCHORAGE ACES zone.
4:51 of 2nd period - Erik Haula is hit by Jesse Puljujarvi.
5:13 of 2nd period - Shot by Cole Caufield.
5:13 of 2nd period - Stopped by Darcy Kuemper with a rebound.
5:17 of 2nd period - Shot by Alexander Kerfoot.
5:17 of 2nd period - Deflect By Cole Caufield.
5:17 of 2nd period - Shot Misses the Net.
5:19 of 2nd period - Shot by Jake Walman.
5:19 of 2nd period - Shot Blocked by Jani Hakanpaa.
5:21 of 2nd period - Shot by Alexander Kerfoot.
5:21 of 2nd period - Stopped by Darcy Kuemper without a rebound.
5:22 of 2nd period - Tomas Nosek wins face-off versus Connor McDavid in ANCHORAGE ACES zone.
5:37 of 2nd period - Shot by Connor McDavid.
5:37 of 2nd period - Stopped by John Gibson with a rebound.
5:51 of 2nd period - Shot by Nathan MacKinnon.
5:51 of 2nd period - Shot Misses the Net.
5:53 of 2nd period - Shot by Filip Hronek.
5:53 of 2nd period - Shot Blocked by Brayden Point.
5:57 of 2nd period - Shot by Nathan MacKinnon.
5:57 of 2nd period - Shot Misses the Net.
7:17 of 2nd period - Jaccob Slavin is hit by Sheldon Dries.
7:25 of 2nd period - Shot by Alexander Kerfoot.
7:25 of 2nd period - Stopped by Darcy Kuemper with a rebound.
7:27 of 2nd period - Shot by Alexander Kerfoot.
7:27 of 2nd period - Stopped by Darcy Kuemper without a rebound.
7:28 of 2nd period - Ilya Usau wins face-off versus Phillip Danault in ANCHORAGE ACES zone.
7:49 of 2nd period - Shot by Jake Walman.
7:49 of 2nd period - Shot Misses the Net.
7:56 of 2nd period - Shot by Brett Leason.
7:56 of 2nd period - Shot Blocked by Seth Jones.
7:58 of 2nd period - Shot by Brett Leason.
7:58 of 2nd period - Shot Blocked by Jakob Chychrun.
8:16 of 2nd period - Icing by Nikolaj Ehlers.
8:17 of 2nd period - Clayton Keller wins face-off versus Nikolaj Ehlers in ANCHORAGE ACES zone.
8:48 of 2nd period - Shot by Clayton Keller.
8:48 of 2nd period - Shot Misses the Net.
8:50 of 2nd period - Shot by Oliver Bjorkstrand.
8:50 of 2nd period - Stopped by Darcy Kuemper without a rebound.
8:51 of 2nd period - Connor McDavid wins face-off versus Alexander Kerfoot in ANCHORAGE ACES zone.
8:51 of 2nd period - Connor McDavid is hit by Jesse Puljujarvi.
9:12 of 2nd period - Nathan MacKinnon is hit by Damon Severson and loses puck.
10:28 of 2nd period - Off-side.
10:29 of 2nd period - Phillip Danault wins face-off versus Clayton Keller in neutral zone.
11:15 of 2nd period - Icing by Jesper Bratt.
11:16 of 2nd period - Clayton Keller wins face-off versus Erik Haula in SAN JOSE BRONCOS zone.
11:24 of 2nd period - Off-side.
11:25 of 2nd period - Tomas Nosek wins face-off versus Nathan MacKinnon in neutral zone.
11:30 of 2nd period - Ryan Pulock is hit by Carl Grundstrom and loses puck.
11:57 of 2nd period - Erik Haula is hit by Carl Grundstrom and loses puck.
12:36 of 2nd period - Minor Penalty to Seth Jones for Hooking.
12:37 of 2nd period - Erik Haula wins face-off versus Clayton Keller in ANCHORAGE ACES zone.
12:54 of 2nd period - Shot by Clayton Keller.
12:54 of 2nd period - Goal by Clayton Keller - SAN JOSE BRONCOS : 1 - ANCHORAGE ACES : 2.
12:55 of 2nd period - Ilya Usau wins face-off versus Phillip Danault in neutral zone.
13:09 of 2nd period - Phillip Danault is hit by Adam Pelech and loses puck.
13:12 of 2nd period - Shot by Nikolaj Ehlers.
13:12 of 2nd period - Shot Misses the Net.
13:14 of 2nd period - Shot by Conor Sheary.
13:14 of 2nd period - Stopped by John Gibson without a rebound.
13:15 of 2nd period - Connor McDavid wins face-off versus Alexander Kerfoot in SAN JOSE BRONCOS zone.
13:30 of 2nd period - Nathan MacKinnon is hit by Alexander Kerfoot and loses puck.
13:48 of 2nd period - Cole Caufield is hit by Filip Hronek and loses puck.
13:59 of 2nd period - Shot by Cole Caufield.
13:59 of 2nd period - Stopped by Darcy Kuemper without a rebound.
14:00 of 2nd period - Erik Haula wins face-off versus Clayton Keller in ANCHORAGE ACES zone.
14:02 of 2nd period - Icing by Seth Jones.
14:03 of 2nd period - Erik Haula wins face-off versus Ilya Usau in ANCHORAGE ACES zone.
14:03 of 2nd period - Erik Haula is hit by Jake Bean.
14:09 of 2nd period - Shot by Chris Kreider.
14:09 of 2nd period - Shot Misses the Net.
14:23 of 2nd period - Shot by Jake Walman.
14:23 of 2nd period - Shot Misses the Net.
16:07 of 2nd period - Connor McDavid is hit by Neal Pionk and loses puck.
16:15 of 2nd period - Icing by Jaccob Slavin.
16:16 of 2nd period - Phillip Danault wins face-off versus Tomas Nosek in SAN JOSE BRONCOS zone.
16:17 of 2nd period - Shot by Conor Sheary.
16:17 of 2nd period - Stopped by John Gibson without a rebound.
16:18 of 2nd period - Phillip Danault wins face-off versus Alexander Kerfoot in SAN JOSE BRONCOS zone.
16:51 of 2nd period - Shot by Nikolaj Ehlers.
16:51 of 2nd period - Shot Misses the Net.
16:58 of 2nd period - Shot by Nikolaj Ehlers.
16:58 of 2nd period - Goal by Nikolaj Ehlers - SAN JOSE BRONCOS : 1 - ANCHORAGE ACES : 3.
16:59 of 2nd period - Connor McDavid wins face-off versus Brett Leason in neutral zone.
17:23 of 2nd period - Shot by Nathan MacKinnon.
17:23 of 2nd period - Stopped by John Gibson without a rebound.
17:24 of 2nd period - Tomas Nosek wins face-off versus Phillip Danault in SAN JOSE BRONCOS zone.
17:42 of 2nd period - Nikolaj Ehlers is hit by Damon Severson and loses puck.
18:33 of 2nd period - Icing by Connor McDavid.
18:34 of 2nd period - Clayton Keller wins face-off versus Connor McDavid in ANCHORAGE ACES zone.
18:39 of 2nd period - Shot by Jesper Bratt.
18:39 of 2nd period - Shot Misses the Net.
18:41 of 2nd period - Shot by Clayton Keller.
18:41 of 2nd period - Stopped by Darcy Kuemper without a rebound.
18:42 of 2nd period - Erik Haula wins face-off versus Clayton Keller in ANCHORAGE ACES zone.
19:18 of 2nd period - Icing by Jani Hakanpaa.
19:19 of 2nd period - Erik Haula wins face-off versus Ilya Usau in ANCHORAGE ACES zone.
19:51 of 2nd period - Shot by Connor McDavid.
19:51 of 2nd period - Shot Misses the Net.
Goals for this period are 1 for SAN JOSE BRONCOS vs 2 for ANCHORAGE ACES.
Shots for this period are 13 for SAN JOSE BRONCOS vs 7 for ANCHORAGE ACES.

3rd period


0:01 of 3rd period - Alexander Kerfoot wins face-off versus Connor McDavid in neutral zone.
0:30 of 3rd period - Connor McDavid is hit by Neal Pionk.
0:33 of 3rd period - Icing by Alexander Kerfoot.
0:34 of 3rd period - Phillip Danault wins face-off versus Alexander Kerfoot in SAN JOSE BRONCOS zone.
0:41 of 3rd period - Shot by Phillip Danault.
0:41 of 3rd period - Shot Misses the Net.
0:43 of 3rd period - Shot by Conor Sheary.
0:43 of 3rd period - Deflect By Phillip Danault.
0:43 of 3rd period - Shot Misses the Net.
0:45 of 3rd period - Shot by Phillip Danault.
0:45 of 3rd period - Stopped by John Gibson without a rebound.
0:46 of 3rd period - Clayton Keller wins face-off versus Erik Haula in SAN JOSE BRONCOS zone.
0:55 of 3rd period - Shot by Chris Kreider.
0:55 of 3rd period - Stopped by John Gibson with a rebound.
0:57 of 3rd period - Shot by Erik Haula.
0:57 of 3rd period - Stopped by John Gibson without a rebound.
0:58 of 3rd period - Ilya Usau wins face-off versus Connor McDavid in SAN JOSE BRONCOS zone.
0:58 of 3rd period - Ilya Usau is hit by Connor McDavid.
1:37 of 3rd period - Shot by Nathan MacKinnon.
1:37 of 3rd period - Shot Misses the Net.
1:45 of 3rd period - Icing by Connor McDavid.
1:46 of 3rd period - Connor McDavid wins face-off versus Clayton Keller in ANCHORAGE ACES zone.
1:59 of 3rd period - Shot by Oliver Bjorkstrand.
1:59 of 3rd period - Stopped by Darcy Kuemper without a rebound.
2:00 of 3rd period - Brayden Point wins face-off versus Phillip Danault in ANCHORAGE ACES zone.
2:21 of 3rd period - Shot by Phillip Danault.
2:21 of 3rd period - Stopped by John Gibson with a rebound.
3:04 of 3rd period - Icing by Phillip Danault.
3:05 of 3rd period - Phillip Danault wins face-off versus Clayton Keller in ANCHORAGE ACES zone.
4:08 of 3rd period - Shot by Nathan MacKinnon.
4:08 of 3rd period - Shot Hit the Post.
4:10 of 3rd period - Shot by Nathan MacKinnon.
4:10 of 3rd period - Stopped by John Gibson without a rebound.
4:11 of 3rd period - Erik Haula wins face-off versus Alexander Kerfoot in SAN JOSE BRONCOS zone.
4:14 of 3rd period - Shot by Chris Kreider.
4:14 of 3rd period - Shot Blocked by Jaccob Slavin.
4:32 of 3rd period - Shot by Chris Kreider.
4:32 of 3rd period - Stopped by John Gibson with a rebound.
4:34 of 3rd period - Shot by Erik Haula.
4:34 of 3rd period - Shot Misses the Net.
4:36 of 3rd period - Shot by Chris Kreider.
4:36 of 3rd period - Stopped by John Gibson with a rebound.
4:45 of 3rd period - Icing by Jaccob Slavin.
4:46 of 3rd period - Connor McDavid wins face-off versus Alexander Kerfoot in SAN JOSE BRONCOS zone.
4:49 of 3rd period - Shot by Nathan MacKinnon.
4:49 of 3rd period - Shot Misses the Net.
5:24 of 3rd period - Icing by Seth Jones.
5:25 of 3rd period - Ilya Usau wins face-off versus Connor McDavid in ANCHORAGE ACES zone.
5:34 of 3rd period - Shot by Brett Leason.
5:34 of 3rd period - Shot Misses the Net.
5:42 of 3rd period - Jake Walman is hit by Connor McDavid and loses puck.
6:06 of 3rd period - Shot by Chris Kreider.
6:06 of 3rd period - Stopped by John Gibson without a rebound.
6:07 of 3rd period - Phillip Danault wins face-off versus Tomas Nosek in SAN JOSE BRONCOS zone.
6:07 of 3rd period - Nikolaj Ehlers is hit by Damon Severson and loses puck.
6:13 of 3rd period - Conor Sheary is hit by Adam Pelech and loses puck.
6:18 of 3rd period - Shot by Phillip Danault.
6:18 of 3rd period - Shot Blocked by Adam Pelech.
6:19 of 3rd period - Minor Penalty to Adam Pelech for Hooking.
6:20 of 3rd period - Phillip Danault wins face-off versus Clayton Keller in SAN JOSE BRONCOS zone.
6:21 of 3rd period - Shot by Chris Kreider.
6:21 of 3rd period - Shot Blocked by Neal Pionk.
6:31 of 3rd period - Shot by Erik Haula.
6:31 of 3rd period - Stopped by John Gibson without a rebound.
6:32 of 3rd period - Oliver Bjorkstrand wins face-off versus Connor McDavid in SAN JOSE BRONCOS zone.
6:46 of 3rd period - Icing by Seth Jones.
6:47 of 3rd period - Connor McDavid wins face-off versus Clayton Keller in ANCHORAGE ACES zone.
7:07 of 3rd period - Shot by Seth Jones.
7:07 of 3rd period - Shot Misses the Net.
7:13 of 3rd period - Shot by Connor McDavid.
7:13 of 3rd period - Stopped by John Gibson without a rebound.
7:14 of 3rd period - Phillip Danault wins face-off versus Clayton Keller in SAN JOSE BRONCOS zone.
7:21 of 3rd period - Shot by Chris Kreider.
7:21 of 3rd period - Shot Misses the Net.
7:23 of 3rd period - Shot by Filip Hronek.
7:23 of 3rd period - Shot Misses the Net.
7:25 of 3rd period - Shot by Chris Kreider.
7:25 of 3rd period - Shot Hit the Post.
7:27 of 3rd period - Shot by Filip Hronek.
7:27 of 3rd period - Shot Misses the Net.
7:29 of 3rd period - Shot by Erik Haula.
7:29 of 3rd period - Shot Misses the Net.
7:31 of 3rd period - Shot by Erik Haula.
7:31 of 3rd period - Goal by Erik Haula - SAN JOSE BRONCOS : 1 - ANCHORAGE ACES : 4.
7:31 of 3rd period - Antti Raanta enters game.
7:32 of 3rd period - Tomas Nosek wins face-off versus Connor McDavid in neutral zone.
7:36 of 3rd period - Minor Penalty to Robert Bortuzzo for Slashing.
7:37 of 3rd period - Erik Haula wins face-off versus Alexander Kerfoot in ANCHORAGE ACES zone.
7:43 of 3rd period - Icing by Alexander Kerfoot.
7:44 of 3rd period - Erik Haula wins face-off versus Alexander Kerfoot in SAN JOSE BRONCOS zone.
8:38 of 3rd period - Icing by Jaccob Slavin.
8:39 of 3rd period - Erik Haula wins face-off versus Clayton Keller in SAN JOSE BRONCOS zone.
8:40 of 3rd period - Shot by Yegor Sharangovich.
8:40 of 3rd period - Shot Misses the Net.
10:45 of 3rd period - Shot by Nikolaj Ehlers.
10:45 of 3rd period - Stopped by Antti Raanta without a rebound.
10:46 of 3rd period - Alexander Kerfoot wins face-off versus Nikolaj Ehlers in SAN JOSE BRONCOS zone.
10:51 of 3rd period - Neal Pionk is hit by Conor Sheary and loses puck.
10:56 of 3rd period - Shot by Phillip Danault.
10:56 of 3rd period - Stopped by Antti Raanta without a rebound.
10:57 of 3rd period - Phillip Danault wins face-off versus Clayton Keller in SAN JOSE BRONCOS zone.
11:04 of 3rd period - Shot by Nikolaj Ehlers.
11:04 of 3rd period - Stopped by Antti Raanta with a rebound.
11:22 of 3rd period - Shot by Conor Sheary.
11:22 of 3rd period - Stopped by Antti Raanta with a rebound.
12:28 of 3rd period - Shot by Connor McDavid.
12:28 of 3rd period - Stopped by Antti Raanta without a rebound.
12:29 of 3rd period - Ilya Usau wins face-off versus Chris Kreider in SAN JOSE BRONCOS zone.
12:40 of 3rd period - Shot by Chris Kreider.
12:40 of 3rd period - Stopped by Antti Raanta without a rebound.
12:41 of 3rd period - Nathan MacKinnon wins face-off versus Alexander Kerfoot in SAN JOSE BRONCOS zone.
13:13 of 3rd period - Shot by Alexander Kerfoot.
13:13 of 3rd period - Stopped by Darcy Kuemper with a rebound.
13:15 of 3rd period - Shot by Neal Pionk.
13:15 of 3rd period - Stopped by Darcy Kuemper without a rebound.
13:16 of 3rd period - Phillip Danault wins face-off versus Brett Leason in ANCHORAGE ACES zone.
13:16 of 3rd period - Phillip Danault is hit by Jonathan Gruden.
13:24 of 3rd period - Brett Leason is hit by Nikolaj Ehlers and loses puck.
13:38 of 3rd period - Minor Penalty to Jake Walman for Interference.
13:39 of 3rd period - Connor McDavid wins face-off versus Oliver Bjorkstrand in SAN JOSE BRONCOS zone.
13:44 of 3rd period - Shot by Nathan MacKinnon.
13:44 of 3rd period - Stopped by Antti Raanta without a rebound.
13:45 of 3rd period - Phillip Danault wins face-off versus Oliver Bjorkstrand in SAN JOSE BRONCOS zone.
13:46 of 3rd period - Shot by Seth Jones.
13:46 of 3rd period - Stopped by Antti Raanta without a rebound.
13:47 of 3rd period - Connor McDavid wins face-off versus Clayton Keller in SAN JOSE BRONCOS zone.
14:21 of 3rd period - Shot by Connor McDavid.
14:21 of 3rd period - Shot Misses the Net.
14:26 of 3rd period - Shot by Nathan MacKinnon.
14:26 of 3rd period - Shot Misses the Net.
14:28 of 3rd period - Shot by Filip Hronek.
14:28 of 3rd period - Deflect By Nathan MacKinnon.
14:28 of 3rd period - Stopped by Antti Raanta without a rebound.
14:29 of 3rd period - Oliver Bjorkstrand wins face-off versus Phillip Danault in SAN JOSE BRONCOS zone.
14:40 of 3rd period - Damon Severson is hit by Chris Kreider and loses puck.
14:47 of 3rd period - Shot by Phillip Danault.
14:47 of 3rd period - Shot Misses the Net.
14:49 of 3rd period - Shot by Erik Haula.
14:49 of 3rd period - Stopped by Antti Raanta without a rebound.
14:50 of 3rd period - Connor McDavid wins face-off versus Clayton Keller in SAN JOSE BRONCOS zone.
15:12 of 3rd period - Icing by Nathan MacKinnon.
15:13 of 3rd period - Oliver Bjorkstrand wins face-off versus Connor McDavid in ANCHORAGE ACES zone.
15:56 of 3rd period - Sheldon Dries is hit by Carl Grundstrom and loses puck.
16:59 of 3rd period - Jaccob Slavin is hit by Connor McDavid and loses puck.
17:10 of 3rd period - Shot by Seth Jones.
17:10 of 3rd period - Stopped by Antti Raanta without a rebound.
17:11 of 3rd period - Phillip Danault wins face-off versus Clayton Keller in SAN JOSE BRONCOS zone.
17:19 of 3rd period - Icing by Damon Severson.
17:20 of 3rd period - Connor McDavid wins face-off versus Clayton Keller in SAN JOSE BRONCOS zone.
17:35 of 3rd period - Shot by Oliver Bjorkstrand.
17:35 of 3rd period - Deflect By Jesper Bratt.
17:35 of 3rd period - Shot Blocked by Seth Jones.
17:53 of 3rd period - Shot by Adam Pelech.
17:53 of 3rd period - Stopped by Darcy Kuemper without a rebound.
17:54 of 3rd period - Alexander Kerfoot wins face-off versus Phillip Danault in ANCHORAGE ACES zone.
18:33 of 3rd period - Shot by Alexander Kerfoot.
18:33 of 3rd period - Stopped by Darcy Kuemper without a rebound.
18:34 of 3rd period - Tomas Nosek wins face-off versus Connor McDavid in ANCHORAGE ACES zone.
19:17 of 3rd period - Shot by Connor McDavid.
19:17 of 3rd period - The goal is going for a video replay.
19:17 of 3rd period - The goal is refused.
19:18 of 3rd period - Ilya Usau wins face-off versus Erik Haula in SAN JOSE BRONCOS zone.
19:32 of 3rd period - Icing by Filip Hronek.
19:33 of 3rd period - Alexander Kerfoot wins face-off versus Erik Haula in ANCHORAGE ACES zone.
19:54 of 3rd period - Shot by Cole Caufield.
19:54 of 3rd period - Stopped by Darcy Kuemper without a rebound.
19:55 of 3rd period - Phillip Danault wins face-off versus Clayton Keller in ANCHORAGE ACES zone.
19:55 of 3rd period - Phillip Danault is hit by Clayton Keller.
Goals for this period are 0 for SAN JOSE BRONCOS vs 1 for ANCHORAGE ACES.
Shots for this period are 6 for SAN JOSE BRONCOS vs 23 for ANCHORAGE ACES.


BLAKE
WHEELER
STEVEN
STAMKOS
DREW
DOUGHTY

EAST COAST

HOCKEY LEAGUE

  • 63.RHI2PIT5
  • 64.WOR4ATL3
  • 65.QUECHW
  • 66.CHATRV